Description

This build from GuMiho gets +1 Marines with Stimpacks loaded into Medivacs for a 5:00 timing attack. Behind this attack, you can continue to macro up with a 3rd base.

UPDATE: This build no longer works because it requires a Cyclone before Tech Lab.

VOD

https://www.youtube.com/watch?v=2Or1zhZhkC0

Replay - GuMiho v INnoVation: Game 1 - Ascension to Aiur LE

Build Order

Get SALT Encoding   

  12  0:00  SCV  
  13  0:12  SCV  
  14  0:17  Supply Depot  
  14  0:24  SCV  
  15  0:38  Barracks, SCV  
  16  0:43  Refinery  
  16  0:50  SCV  
  17  1:02  SCV  
  18  1:14  SCV  
  20  1:25  Reaper  
  20  1:26  Orbital Command  
  20  1:40  Command Center  
  20  1:48  Supply Depot  
  20  1:52  SCV  
  21  1:57  Marine  
  22  2:04  SCV  
  22  2:06  Factory  
  23  2:15  Marine  
  24  2:16  SCV  
  24  2:21  Barracks  
  25  2:28  Refinery  
  26  2:33  Marine  
  28  2:49  Cyclone  
  31  2:51  Orbital Command  
  31  2:54  Barracks Reactor  Continuous Marine production afterwards
  33  3:08  Barracks Tech Lab  
  33  3:14  Engineering Bay  
  35  3:27  Stimpack, Marine x3  
  35  3:34  Supply Depot  
  40  3:41  Terran Infantry Weapons Level 1  
  40  3:45  Marine x3  
  45  4:01  Starport  
  47  4:03  Marine  
  47  4:04  Factory Reactor  Swap onto the Starport when it's done
  47  4:07  Supply Depot  
  50  4:13  Supply Depot  
  52  4:20  Refinery x2  
  58  4:45  Medivac x2  
  62  4:50  Factory Tech Lab  
  72  5:14  Siege Tank  
  76  5:17  Medivac x2  
  85  5:30  Combat Shield  
  86  5:38  Terran Infantry Armor Level 1  
  88  5:44  Liberator  
  88  5:46  Siege Tank  
  92  5:55  Command Center  
Spawning Tool Build Advisor. Get it on Overwolf

Analysis

INnoVation spots the Medivacs in this replay, so the initial timing attack is deflected. However, the build does show the right timings to line up the upgrades and Medivacs

Go to:

Details

  • Created by: StoicLoofah
  • Published on: Nov 23, 2017
  • Modified on: Mar 01, 2019
  • Patch: 4.0.0
Show
View Real Time Build Order
Export as new Build Order

Comments (3)

On March 1, 2019, 5:57 p.m., StoicLoofah  said:

Thanks for flagging this. I'll update the build accordingly

On March 1, 2019, 4:36 p.m., Crank  said:

This doesn't work since the October 2018 patch as a cyclone now requires a tech lab to be built <3

On Dec. 1, 2017, 12:37 a.m., webmaster  said:

I like this, very nice. Havn't played in a long time but this is my playstyle!!

Create an account to comment!